 Dungeon Crawl Stone Soup version 0.29-a0-483-g69413ace17 (webtiles) character file.

Game seed: 3981176987636514420

86 siradein the Skirmisher (level 4, -2/49 HPs)
             Began as an Ogre Fighter on May 26, 2022.
             Slain by Natasha (5 damage)
             ... on level 2 of the Dungeon.
             The game lasted 00:03:43 (1646 turns).

siradein the Skirmisher (Ogre Fighter)              Turns: 1646, Time: 00:03:43

Health: -2/49      AC:  3    Str: 22    XL:     4   Next: 50%
Magic:  4/4        EV:  8    Int:  9    God:
Gold:   36         SH:  7    Dex:  8    Spells: 3/3 levels left

rFire   . . .      SeeInvis .   a - +0 trident
rCold   . . .      Faith    .   c - +0 kite shield
rNeg    + . .      Spirit   .   b - +0 robe
rPois   .          Reflect  .   (helmet restricted)
rElec   .          Harm     .   (no cloak)
rCorr   .          Rampage  .   (gloves unavailable)
Will    .....                   (boots unavailable)
Stlth   +.........              (no amulet)
HPRegen 0.16/turn               l - ring of positive energy
MPRegen 0.09/turn               (no ring)

@: on berserk cooldown, slowed, very slow
A: large, unfitting armour, tough skin 1
a: no special abilities


You were on level 2 of the Dungeon.
You visited 1 branch of the dungeon, and saw 2 of its levels.

You collected 36 gold pieces.

Inventory:

Hand Weapons
 a - a +0 trident (weapon)
Missiles
 f - 55 stones (quivered)
Armour
 b - a +0 robe (worn)
 c - a +0 kite shield (worn)
Jewellery
 l - a ring of positive energy (left hand)
 m - a ring of positive energy
Scrolls
 e - a scroll of fog {unknown}
 g - a scroll of enchant weapon {unknown}
 h - a scroll of identify {unknown}
 j - a scroll of enchant armour {unknown}
Potions
 d - 3 potions of might
 i - a potion of flight {unknown}
 k - a potion of berserk rage
 n - a potion of curing {unknown}


   Skills:
 + Level 4.8 Fighting
 + Level 2.8 Polearms
 + Level 3.2 Dodging
 + Level 3.6 Shields


You had 3 spell levels left.
You didn't know any spells.
Your spell library contained the following spells:

 Spells                   Type           Power      Damage    Failure   Level
 Portal Projectile        Hex/Tloc       0%         N/A       96%         3
 Tukima's Dance           Hex            0%         N/A       96%         3
 Blade Hands              Tmut           0%         N/A       100%        5


Dungeon Overview and Level Annotations

Branches:
Dungeon (2/15)

Altars:

Annotations:
D:2 Natasha


Innate Abilities, Weirdness & Mutations

You are too large for most types of armour.
You have tough skin. (AC +1)


Message History

Natasha casts a spell.
You hit Natasha.
Natasha is almost dead.
The quokka bites you.
* * * LOW HITPOINT WARNING * * *
You block the quokka's attack.
The crimson imp blinks!
You block Natasha's attack.
You puncture Natasha!
You kill Natasha!
Natasha screams in fury as she dies!
The crimson imp disappears in a puff of smoke! x2
The quokka bites you but does no damage.
Unknown command.
It was a potion of berserk rage.
A red film seems to cover your vision as you go berserk!
You feel yourself moving faster!
You feel mighty! The quokka barely misses you. The giant cockroach bites you.
* * * LOW HITPOINT WARNING * * *
You block the quokka's attack. The giant cockroach barely misses you.
You closely miss the giant cockroach.
The quokka bites you but does no damage.
The giant cockroach misses you.
You puncture the quokka!
You kill the quokka!
You barely miss the giant cockroach.
The giant cockroach barely misses you. x2
You barely miss the giant cockroach. You block the giant cockroach's attack.
You closely miss the giant cockroach. You puncture the giant cockroach!
You kill the giant cockroach!
You feel a strong urge to attack something.
You are no longer berserk.
You are exhausted.
You feel yourself slow down.
Natasha, Servant of Life and Death comes into view.
She is carrying a wand of digging (5).
There is an open door here.
Natasha mumbles some strange words.
You feel troubled. Natasha closely misses you. You block Natasha's attack.
Natasha claws you.
You die...

##.#..........P....#
.#.#..............#
##.#.............#
...#.######.....##
####.# #.....# #.
#...÷.# ## #..÷..#
###.....########
........h@.......
#########.#######
#..# ########'##
#.........#
#.........#####+##
#.........#.......
#.........#.......
#........)........


You could see Natasha.

Vanquished Creatures
  Natasha (twice) (D:2)
  2 ball pythons (D:1)
  2 endoplasms (D:1)
  3 giant cockroaches
  2 goblins (D:1)
  A hobgoblin (D:1)
  6 jackals
  2 kobolds (D:1)
  3 quokkas
  5 bats
  A frilled lizard (D:1)
  4 rats (D:1)
33 creatures vanquished.

Vanquished Creatures (others)
  3 withered plants (D:2)
3 creatures vanquished.

Grand Total: 36 creatures vanquished

Notes
Turn   | Place    | Note
-------+----------+-------------------------------------------
     0 | D:1      | siradein the Ogre Fighter began the quest for the Orb.
     0 | D:1      | Reached XP level 1. HP: 24/24 MP: 1/1
   244 | D:1      | Reached XP level 2. HP: 32/32 MP: 2/2
   959 | D:1      | Reached XP level 3. HP: 37/40 MP: 3/3
  1256 | D:2      | Noticed Natasha
  1263 | D:2      | Killed Natasha
  1428 | D:2      | Found a faded altar of an unknown god.
  1450 | D:2      | Reached XP level 4. HP: 33/49 MP: 4/4
  1604 | D:2      | Noticed Natasha
  1626 | D:2      | HP: 2/49 [Natasha (4)]
  1628 | D:2      | Killed Natasha
  1642 | D:2      | Noticed Natasha
  1646 | D:2      | Slain by Natasha

Illustrated notes

Levels and vault maps discovered:
D:1:      doesnt_arrival_eight_statues, layout_basic, dk_noncrumbling_3
D:2:      layout_basic, basic_altar, ebering_ecumenical_altar_petrified,
          uniq_crazy_yiuf_cottage, uniq_natasha

Skill      XL: |  1  2 |
---------------+-------+-----
Dodging        | 3 |  3.2
Fighting       | |  4.8
Polearms       | |  2.8
Shields        | |  3.6

Action                   |  1- 3 |  4- 6 || total
-------------------------+-------+-------++-------
Melee: Trident           |    97 |    24 ||   121
  Use: Potion            |       |     1 ||     1
Armor: Robe              |    30 |     8 ||    38
Dodge: Dodged            |    35 |    11 ||    46
Block: Kite shield       |    35 |    11 ||    46

Table legend: (Time is in decaauts)
 A = Elapsed time spent in this place.
 B = Non-inter-level travel time spent in this place.
 C = Inter-level travel time spent in this place.
 D = Time resting spent in this place.
 E = Time spent auto-exploring this place.
 F = Levels seen in this place.
 G = Mean time per level.
                   A        B        C        D        E       F      G
               +--------+--------+--------+--------+--------+-----+--------+
         Total |   1682 |   1651 |     31 |    183 |   1150 |   2 |  841.0 |
       Dungeon |   1682 |   1651 |     31 |    183 |   1150 |   2 |  841.0 |
               +--------+--------+--------+--------+--------+-----+--------+

Top non-repeatable levels by time:
     D:1: 1277 daAuts
     D:2: 405 daAuts
